 Dungeon Crawl Stone Soup version 0.27-a0-972-gd1521fd518 (webtiles) character file.

Game seed: 7194576411435315411

7 DarkShadow the Covered (level 1, -2/20 HPs)
             Began as a Minotaur Fighter on Apr 14, 2021.
             Slain by a ball python (3 damage)
             ... on level 1 of the Dungeon.
             The game lasted 00:00:20 (234 turns).

DarkShadow the Covered (Minotaur Fighter)            Turns: 234, Time: 00:00:20

Health: -2/20      AC:  7    Str: 20    XL:     1   Next: 91%
Magic:  0/0        EV:  4    Int:  5    God:
Gold:   14         SH:  9    Dex:  9    Spells: 0/0 levels left

rFire    . . .     SeeInvis .   a - +0 long sword
rCold    . . .     Faith    .   c - +0 kite shield
rNeg     . . .     Spirit   .   b - +0 scale mail
rPois    .         Reflect  .   (helmet restricted)
rElec    .         Harm     .   (no cloak)
rCorr    .         Rampage  .   (no gloves)
Will     .....                  (no boots)
Stlth    ..........             (no amulet)
HPRegen  0.06/turn              (no ring)
MPRegen  0.07/turn              (no ring)

@: constricted
A: horns 2, retaliatory headbutt
a: no special abilities


You were on level 1 of the Dungeon.
You visited 1 branch of the dungeon, and saw 1 of its levels.

You collected 14 gold pieces.

Inventory:

Hand Weapons
 a - a +0 long sword (weapon)
Armour
 b - a +0 scale mail (worn)
 c - a +0 kite shield (worn)
Scrolls
 f - a scroll of noise {unknown}
 g - a scroll of amnesia {unknown}
Potions
 d - a potion of might
 e - a potion of flight {unknown}


   Skills:
 + Level 3.7 Fighting
 + Level 2.4 Long Blades
 + Level 4.0 Armour
 + Level 3.8 Shields


You couldn't memorise any spells.
You didn't know any spells.
Your spell library was empty.

Dungeon Overview and Level Annotations

Branches:
Dungeon (1/15)

Altars:


Innate Abilities, Weirdness & Mutations

You have a pair of horns on your head.
You reflexively headbutt those who attack you in melee.


Message History

The goblin hits you with a +0 dagger.
You closely miss the goblin. Your headbutt misses the goblin.
The ball python barely misses you. You furiously retaliate!
You headbutt the ball python. The ball python constricts you.
You block the goblin's attack. You block the ball python's attack.
The ball python constricts you.
You miss the goblin. The ball python bites you. The ball python constricts you.
The goblin hits you but does no damage.
The ball python bites you but does no damage.
The ball python constricts you. The goblin hits you with a +0 dagger.
You barely miss the goblin. Your headbutt misses the goblin.
You block the ball python's attack. The ball python constricts you.
The goblin barely misses you.
You riposte.
You hit the goblin. Your headbutt misses the goblin.
The goblin is moderately wounded.
You block the ball python's attack. The ball python constricts you.
You closely miss the goblin.
The goblin is moderately wounded.
The goblin hits you with a +0 dagger.
* * * LOW HITPOINT WARNING * * *
The ball python barely misses you. The ball python constricts you.
The goblin hits you but does no damage.
The ball python bites you but does no damage.
The ball python constricts you.
You barely miss the goblin. Your headbutt misses the goblin.
The goblin is moderately wounded.
You block the ball python's attack.
* * * LOW HITPOINT WARNING * * *
The ball python constricts you. The goblin hits you but does no damage.
You barely miss the goblin.
The goblin is moderately wounded.
The ball python bites you.
* * * LOW HITPOINT WARNING * * *
x2 The ball python constricts you.
You block the goblin's attack.
The ball python bites you but does no damage.
The ball python constricts you. The goblin hits you but does no damage.
You closely miss the goblin.
The goblin is moderately wounded.
The ball python bites you.
You die...

...........
.......... ..........
..?......# .........#
.........# .........#
....[...S######
........g@...>#
.........####.#
.........# #.#
######+#.####.#
##+#......#
#.........#
#.........#
#.........#
#######'###..########


You could see a goblin and a ball python.

Vanquished Creatures
  An endoplasm (D:1)
  2 hobgoblins (D:1)
  A kobold (D:1)
  A quokka (D:1)
  A bat (D:1)
6 creatures vanquished.

Notes
Turn   | Place    | Note
-------+----------+-------------------------------------------
     0 | D:1      | DarkShadow the Minotaur Fighter began the quest for the
                  | Orb.
     0 | D:1      | Reached XP level 1. HP: 19/19 MP: 0/0
   226 | D:1      | Reached skill level 4 in Armour
   233 | D:1      | HP: 1/20 [ball python (1)]
   234 | D:1      | Slain by a ball python

Illustrated notes

Levels and vault maps discovered:
D:1:      dpeg_arrival_three_bigger_balls, layout_basic

Skill      XL: |  1 |
---------------+----+-----
Armour         | 4 |  4.0
Fighting       | |  3.7
Long Blades    | |  2.4
Shields        | |  3.8

Action                   || total
-------------------------++-------
Melee: Long sword        ||    17
       Headbutt          ||     1
Armor: Scale mail        ||    18
Dodge: Dodged            ||     9
Block: Kite shield       ||    23
       Rpst.: Long sword ||     1

Table legend: (Time is in decaauts)
 A = Elapsed time spent in this place.
 B = Non-inter-level travel time spent in this place.
 C = Inter-level travel time spent in this place.
 D = Time resting spent in this place.
 E = Time spent auto-exploring this place.
 F = Levels seen in this place.
 G = Mean time per level.
                   A        B        C        D        E       F      G
               +--------+--------+--------+--------+--------+-----+--------+
         Total |    242 |    242 |      0 |      0 |    204 |   1 |  242.0 |
       Dungeon |    242 |    242 |      0 |      0 |    204 |   1 |  242.0 |
               +--------+--------+--------+--------+--------+-----+--------+

Top non-repeatable levels by time:
     D:1: 242 daAuts
